 Dungeon Crawl Stone Soup version 0.32-a0-30-gefbe487952 (webtiles) character file.

Game seed: 749244312818414012

362567 p00ps00p the Slayer (level 22, -2/228 HPs)
             Began as a Hill Orc Fighter on Jan 19, 2024.
             Was an Initiate of Gozag.
             Killed by the air
             ... invoked by a spriggan air mage
              (17 damage)
             ... on level 3 of the Depths on Jan 20, 2024.
             The game lasted 01:48:43 (51158 turns).

p00ps00p the Slayer (Hill Orc Fighter)             Turns: 51158, Time: 01:48:44

Health: -2/228     AC: 44    Str: 36    XL:     22   Next: 48%
Magic:  22/22      EV:  9    Int:  8    God:    Gozag
Gold:   3868       SH:  5    Dex: 10    Spells: 21/21 levels left

rFire   + . .        c - +7 broad axe (elec)
rCold   . . .        (no shield)
rNeg    . . .        G - +8 plate armour {rPois}
rPois   +            K - +4 helmet of Mutualism {Will+}
rElec   .            Q - +0 cloak of Toydgh {Regen+}
rCorr   .            C - +2 pair of gloves
SInv    +            J - +2 pair of boots {Stlth+}
Will    +++..        Y - amulet of reflection
Stlth   ++++++       I - ring "Goxifri" {rF+ Will+ Str+6 SInv}
HPRegen 1.38/turn    E - ring of Shadows {Umbra +Inv Stlth+}
MPRegen 0.18/turn

%: reflection
@: about to teleport, gold aura, wreathed by umbra
A: no striking features
}: 2/15 runes: serpentine, barnacled
a: Renounce Religion, Evoke Invisibility, Potion Petition, Call Merchant, Bribe
Branch


You were on level 3 of the Depths.
You worshipped Gozag.
Gozag was most pleased with you.
You visited 8 branches of the dungeon, and saw 36 of its levels.
You visited the Abyss 2 times.
You visited 1 bazaar.
You also visited: Bailey and Wizlab.

You collected 19021 gold pieces.
You spent 7719 gold pieces at shops.
You paid 7434 gold pieces to Gozag.

Inventory:

Hand Weapons
 b - the +1 broad axe of Jocular Gallantry {flame, rF++}
   (You bought it in a shop on level 1 of the Snake Pit)

   rF++:      It greatly protects you from fire.
 c - a +7 broad axe of electrocution (weapon)
 f - a +9 broad axe of protection
 k - the +8 frozen axe "Frostbite" {freeze, freezing cloud, *Noise Fly rC+}
   (You found it on level 11 of the Dungeon)

   rC+:       It protects you from cold.
   Fly:       It grants you flight.
   *Noise:    It may make a loud noise when swung.
Armour
 l - a +2 tower shield of cold resistance
 w - a +4 plate armour of cold resistance
 C - a +2 pair of gloves (worn)
 G - a +8 plate armour of poison resistance (worn)
 J - a +2 pair of boots of stealth (worn)
 K - the +4 helmet of Mutualism (worn) {Will+}
   (You bought it in a shop on level 9 of the Dungeon)

   Will+:     It increases your willpower.
 Q - the +0 cloak of Toydgh (worn) {Regen+}
   (You bought it in a shop on level 1 of the Lair of Beasts)

   Regen+:    It increases your rate of health regeneration.
 R - a +1 tower shield of reflection
Jewellery
 E - the ring of Shadows (right hand) {Umbra +Inv Stlth+}
   (You bought it in a shop on level 8 of the Dungeon)

   [ring of stealth]

   Umbra:     It surrounds you with an aura of shadow, increasing your stealth
   and reducing the accuracy of all others within it.
   +Inv:      It lets you turn invisible.
   Stlth+:    It makes you more stealthy.
 I - the ring "Goxifri" (left hand) {rF+ Will+ Str+6 SInv}
   (You bought it in a shop on level 8 of the Dungeon)

   [ring of strength]

   Str+6:     It affects your strength (+6).
   rF+:       It protects you from fire.
   Will+:     It increases your willpower.
   SInv:      It lets you see invisible.
 M - a ring of ice
 P - an amulet of guardian spirit
 Y - an amulet of reflection (around neck)
Wands
 m - a wand of polymorph (26)
 n - a wand of paralysis (37)
 s - a wand of flame (31)
 y - a wand of iceblast (17)
 F - a wand of acid (3)
Scrolls
 h - 2 scrolls of summoning
 i - 2 scrolls of amnesia
 B - 4 scrolls of fog
 N - 6 scrolls of poison
 O - 6 scrolls of revelation
 T - 2 scrolls of silence
 U - 8 scrolls of teleportation
 V - 6 scrolls of fear
 Z - a scroll of torment
Potions
 a - 3 potions of brilliance
 d - 8 potions of might
 e - a potion of resistance
 p - 2 potions of lignification
 r - 4 potions of enlightenment
 t - 2 potions of cancellation
 v - 3 potions of haste
 x - 4 potions of magic
 z - 3 potions of mutation
 D - 6 potions of curing
 L - a potion of ambrosia
 W - 2 potions of berserk rage
 X - a potion of attraction
Miscellaneous
 o - a condenser vane
 q - a lightning rod (4/4)
 u - a phantom mirror (inert)
 S - a phial of floods


   Skills:
 + Level 25.7 Fighting
 + Level 25.4 Axes
 + Level 22.0 Armour
 + Level 17.3 Stealth
 - Level 13.9 Shields


You had 21 spell levels left.
You didn't know any spells.
Your spell library contained the following spells:

 Spells                   Type           Power      Damage    Failure   Level
 Apportation              Tloc           0%         N/A       78%         1
 Kiss of Death            Conj/Necr      0%         2d5       78%         1
 Magic Dart               Conj           0%         1d3       78%         1
 Necrotise                Necr           0%         1d4       78%         1
 Slow                     Hex            0%         N/A       78%         1
 Sting                    Conj/Alch      0%         1d3       78%         1
 Blink                    Tloc           0%         N/A       89%         2
 Call Imp                 Summ           0%         N/A       89%         2
 Cigotuvi's Dreadful Rot  Necr/Alch/Air  0%         N/A       89%         2
 Ensorcelled Hibernation  Hex/Ice        0%         N/A       89%         2
 Jinxbite                 Hex            0%         N/A       89%         2
 Lesser Beckoning         Tloc           0%         N/A       89%         2
 Mercury Vapours          Alch/Air       0%         N/A       89%         2
 Momentum Strike          Conj/Tloc      0%         3d8       89%         2
 Searing Ray              Conj           0%         2d4       89%         2
 Confusing Touch          Hex            0%         N/A       98%         3
 Dazzling Flash           Conj/Hex       0%         N/A       98%         3
 Fugue of the Fallen      Necr           0%         N/A       98%         3
 Gell's Gravitas          Tloc           0%         N/A       98%         3
 Inner Flame              Hex/Fire       0%         N/A       98%         3
 Mephitic Cloud           Conj/Alch/Air  0%         N/A       98%         3
 Ozocubu's Armour         Ice            0%         N/A       98%         3
 Passwall                 Erth           0%         N/A       98%         3
 Sigil of Binding         Hex            0%         N/A       98%         3
 Swiftness                Air            0%         N/A       98%         3
 Teleport Other           Tloc           0%         N/A       98%         3
 Vampiric Draining        Necr           0%         2d6       98%         3
 Animate Armour           Summ/Erth      0%         N/A       100%        4
 Dimensional Bullseye     Hex/Tloc       0%         N/A       100%        4
 Dispel Undead            Necr           0%         3d6       100%        4
 Fulminant Prism          Conj/Alch      0%         3d5       100%        4
 Iskenderun's Mystic Bla  Conj/Tloc      0%         2d3       100%        4
 Manifold Assault         Tloc           0%         N/A       100%        4
 Martyr's Knell           Necr/Summ      0%         N/A       100%        4
 Olgreb's Toxic Radiance  Alch           0%         N/A       100%        4
 Passage of Golubria      Tloc           0%         N/A       100%        4
 Summon Blazeheart Golem  Fire/Summ      0%         N/A       100%        4
 Summon Lightning Spire   Summ/Air       0%         N/A       100%        4
 Alistair's Intoxication  Alch           0%         N/A       100%        5
 Borgnjor's Vile Clutch   Necr/Erth      0%         N/A       100%        5
 Curse of Agony           Necr           0%         N/A       100%        5
 Irradiate                Conj/Alch      0%         3d11      100%        5
 Iskenderun's Battlesphe  Conj           0%         2d6       100%        5
 Lee's Rapid Deconstruct  Erth           0%         3d4*      100%        5
 Silence                  Hex/Air        0%         N/A       100%        5
 Bombard                  Conj/Erth      0%         9d1       100%        6
 Death Channel            Necr           0%         N/A       100%        6
 Dispersal                Tloc           0%         N/A       100%        6
 Eringya's Noxious Bog    Alch           0%         4d6       100%        6
 Orb of Destruction       Conj           0%         9d5       100%        7
 Ozocubu's Refrigeration  Ice            0%         4d7       100%        7
 Spellforged Servitor     Conj/Summ      0%         N/A       100%        7
 Discord                  Hex            0%         N/A       100%        8
 Ignition                 Fire           0%         3d3       100%        8
 Animate Dead             Necr           Unusable   N/A       N/A         4

Dungeon Overview and Level Annotations

Branches:
Dungeon (15/15)            Temple (1/1) D:5            Lair (5/5) D:8
 Shoals (4/4) Lair:2        Snake (4/4) Lair:3        Slime (0/5) Lair:5
    Orc (2/2) D:9             Elf (2/3) Orc:2        Vaults (0/5) D:13
 Depths (3/4) D:15         Bailey (visited)          WizLab (visited)

Altars:
Ashenzari
Cheibriados
Dithmenos
Elyvilon
Fedhas
Gozag
Hepliaklqana
Kikubaaqudgha
Makhleb
Nemelex Xobeh
Okawaru
Qazlal
Ru
Sif Muna
Trog
Uskayaw
Vehumet
Wu Jian
Xom
Yredelemnul
Zin
The Shining One
Beogh
Jiyva

Shops:
D:8 =   D:9 [([   D:15 [   Orc:2 :![[   Elf:1 =:=   Lair:1 [   Shoals:3 (
Shoals:4 *   Snake:1 =(*(?   Snake:2 =*[[?[   Depths:1 :

Portals:
Hell: Depths:1 Depths:2 Depths:3
Pandemonium: Depths:2
Trove: D:10 (show slimy rune of Zot)


Message History

You slice the white very ugly thing!!
Lightning courses through the white very ugly thing!!
You kill the white very ugly thing!
You hit the quicksilver dragon but do no damage.
The quicksilver dragon breathes dispelling energy at you.
The bolt of dispelling energy hits you!
Your magical effects are unravelling.
* * * LOW HITPOINT WARNING * * *
The rakshasa blinks!
The spriggan air mage waves its arms in wide circles.
The air twists around and strikes you!!
* * * LOW HITPOINT WARNING * * *
You hear a shout!
As you read the scroll of teleportation, it crumbles to dust.
You feel strangely unstable.
You are no longer corroded.
The quicksilver dragon barely misses you.
The quicksilver dragon claws you but does no damage.
The quicksilver dragon bites you but does no damage.
The quicksilver dragon closely misses you.
The storm dragon breathes lightning at you.
The bolt of lightning hits you!!
* * * LOW HITPOINT WARNING * * *
The bolt of lightning hits you.
* * * LOW HITPOINT WARNING * * *
You hear a shout!
You feel better.
The quicksilver dragon bites you but does no damage.
You block the quicksilver dragon's attack.
The spriggan air mage waves its arms in wide circles.
The air twists around and strikes you.
The rakshasa weaves an illusion.
A sphinx comes into view.
The storm dragon bites you but does no damage.
The storm dragon claws you but does no damage.
The storm dragon barely misses you.
The spriggan air mage waves its arms in wide circles.
The air twists around and strikes you!
You die...
Your body crumbles into a pile of gold.

##. ..H ..##.ยง
.#..# #.R.# .
#####...# #
..#...#iiT# .# ....
#DD##.# ..###@..##
##.#.....#
#...#...#...# ####
#...##### ..# ...#.
#...#^..#.. # # ...
#.###.#.....# .###.
.###...###...##
.#.###.#.....#.###.#
#...#...#...#...# .#


You could see a storm dragon (catching breath), a quicksilver dragon, a sphinx
(wandering), a rakshasa, 2 spriggan air magi and a deep troll earth mage.

Vanquished Creatures
  Mara (Snake:3)
  Bai Suzhen (Shoals:4)
  A bone dragon (Abyss:4)
  the Enchantress (Depths:2)
  2 golden dragons (Depths:3)
  Jorgrun (Shoals:2)
  The ghost of Meic the Bludgeoner, an adept MiFi of Okawaru (Shoals:3)
  2 liches (Depths:1)
  6 acid blobs
  An Executioner (WizLab)
  A tengu reaver (D:15)
  7 azure jellies
  The ghost of xnavy the Marksgnoll, an adept GnCA of Lugonu (Snake:3)
  A frost giant (Depths:1)
  The ghost of Detyups the Grappler, an adept VSFi of Ashenzari (Shoals:3)
  2 nagarajas (Snake:4)
  2 emperor scorpions (Depths:2)
  2 fire giants
  2 balrugs
  2 orc warlords
  A reaper (WizLab)
  15 very ugly things
  4 spriggan defenders (Depths:2)
  A quicksilver ooze (D:12)
  11 stone giants
  6 caustic shrike skeletons (Depths:2)
  A deep elf annihilator (Elf:2)
  Azrael (D:15)
  A dire elephant (Depths:2)
  2 yaktaur captains (D:15)
  2 blizzard demons (WizLab)
  8 merfolk javelineers
  A spriggan zombie (Abyss:4)
  3 merfolk impalers
  4 ettins
  2 fire dragons (Depths:1)
  A deep elf high priest (Elf:1)
  2 rakshasas (Depths:2)
  2 ice dragons (Depths:1)
  6 ogre magi
  2 salamander tyrants
  5 hydras
  The ghost of Hyahelamn the Slicer, a journeyman VSBr of Sif Muna (D:12)
  2 catoblepae (Lair:3)
  A death knight (D:14)
  7 centaur warriors
  2 merfolk avatars
  5 spriggan air magi
  17 anacondas
  24 dancing weapons
  7 boulder beetles
  11 death yaks
  11 merfolk aquamancers
  A hell hog (Lair:5)
  A two-headed ogre (shapeshifter) (D:15)
  14 two-headed ogres
  15 naga warriors
  3 deep troll shamans
  7 tengu warriors
  7 shock serpents
  6 spriggan berserkers
  5 naga sharpshooters
  A vampire mage (Abyss:4)
  7 thrashing horrors (Abyss:4)
  6 orc high priests
  2 occultists (Depths:2)
  3 soul eaters (WizLab)
  21 hell knights
  3 iron trolls (Depths:1)
  4 wretched stars (Abyss:4)
  15 deep elf knights
  6 sun demons
  5 salamander mystics (Snake:4)
  6 skysharks
  2 skeletal warriors
  A shadow wraith (Abyss:4)
  9 mana vipers
  7 spriggan druids (Depths:2)
  15 sea snakes
  9 deep elf archers
  8 deep trolls
  A flayed ghost (Depths:1)
  Pikel (D:5)
  A phantasmal warrior (D:15)
  A sun moth (shapeshifter) (D:15)
  7 naga ritualists
  4 lindwurms
  5 necromancers
  22 ugly things
  32 harpies
  19 deep elf zephyrmancers
  22 deep elf pyromancers
  A worldbinder (Abyss:4)
  4 oklob plants (Lair:1)
  6 orc knights
  8 large abominations (Abyss:4)
  22 salamanders
  6 orc sorcerers (Orc:2)
  14 manticores
  2 wolf spiders (Lair:5)
  10 fauns
  6 cyclopes
  9 guardian serpents
  A will-o-the-wisp (Abyss:4)
  3 meliai (D:15)
  Maurice (D:8)
  4 kobold blastminers
  An elephant (shapeshifter) (D:15)
  6 water nymphs
  7 merfolk sirens
  8 elephants (Lair:5)
  2 eyes of devastation
  The ghost of jasper the Slasher, a novice AtWr of Cheibriados (D:6)
  2 gargoyles (D:13)
  43 black mambas
  10 cane toads
  3 smoke demons
  An orange demon (Abyss:4)
  4 centaur skeletons (D:13)
  2 kobold demonologists
  11 naga magi
  An efreet (D:14)
  2 torpor snails
  2 hellions (WizLab)
  5 yaktaurs
  3 rime drakes
  7 freezing wraiths
  6 komodo dragons
  3 ancient zymes (Abyss:4)
  A tormentor (WizLab)
  An unseen horror (shapeshifter) (D:15)
  5 tengu conjurers
  30 merfolk
  An ice devil (D:11)
  7 trolls
  10 polar bears (Lair:5)
  2 wind drakes
  A queen bee (shapeshifter) (D:15)
  A polar bear (shapeshifter) (D:15)
  Grinder (D:3)
  20 blink frogs
  An ettin zombie (Abyss:4)
  A blink frog (shapeshifter) (D:13)
  A wind drake (shapeshifter) (D:13)
  14 hornets
  4 glass eyes
  12 raiju
  6 snapping turtles
  12 slime creatures
  4 ynoxinuls (WizLab)
  40 spriggans
  2 air elementals (Elf:2)
  5 wraiths
  11 water elementals
  A human (Bazaar)
  A yak (shapeshifter) (D:15)
  71 yaks
  A hog (shapeshifter) (D:15)
  4 fire elementals
  11 starcursed masses (Abyss:4)
  3 wyverns
  4 basilisks
  2 steam dragons
  A neqoxec (Abyss:4)
  9 wargs
  13 vampire mosquitoes
  3 chaos spawn
  34 nagas
  16 hell hounds
  6 water moccasins
  An acid dragon (D:8)
  13 black bears
  51 orc warriors
  A sky beast (D:7)
  12 laughing skulls
  3 boggarts (D:14)
  11 ogres
  30 wolves
  10 centaurs
  5 kobold brigands
  A lemure (D:5)
  15 bullfrogs
  2 small abominations (Abyss:4)
  A scorpion (D:5)
  8 wights
  9 killer bees
  2 howler monkeys
  3 bombardier beetles
  3 electric eels
  A crimson imp (D:3)
  A quasit (Abyss:4)
  6 hounds
  13 jellies
  34 orc priests
  A gnoll bouda (D:5)
  An iguana (D:5)
  3 sleepcaps
  Jessica (D:3)
  Ijyb (D:3)
  7 hell rats
  27 orc wizards
  A boggart simulacrum (D:15)
  A mummy (Bazaar)
  11 gnolls
  6 adders
  A shadow imp (D:7)
  7 white imps (D:11)
  4 dart slugs
  2 ribbon worms
  108 orcs
  2 ball pythons
  12 endoplasms
  5 giant cockroaches
  18 goblins
  13 hobgoblins
  14 jackals
  5 quokkas
  8 bats
  4 frilled lizards
  24 kobolds
  2 rats (D:2)
  A lurking horror (Abyss:4)
  2 spectral weapons (Depths:2)
1639 creatures vanquished.

Vanquished Creatures (collateral kills)
  A wolf spider (D:12)
  An acid dragon (D:12)
2 creatures vanquished.

Vanquished Creatures (others)
  A centaur warrior (D:15)
  A deep elf zephyrmancer (Elf:1)
  A harpy (Shoals:4)
  A salamander (Snake:3)
  A merfolk (Shoals:4)
  A small abomination (Abyss:4)
  An orc (D:14)
  A lurking horror (Abyss:4)
8 creatures vanquished.

Grand Total: 1649 creatures vanquished

Notes
Turn   | Place    | Note
-------+----------+-------------------------------------------
     0 | D:1      | p00ps00p the Hill Orc Fighter began the quest for the Orb.
     0 | D:1      | Reached XP level 1. HP: 19/19 MP: 1/1
   117 | D:1      | Reached XP level 2. HP: 27/27 MP: 2/2
   444 | D:1      | Reached XP level 3. HP: 33/33 MP: 3/3
   941 | D:2      | Reached XP level 4. HP: 35/40 MP: 4/4
  1353 | D:3      | Noticed Jessica
  1356 | D:3      | Noticed Ijyb
  1369 | D:3      | Killed Ijyb
  1370 | D:3      | Reached XP level 5. HP: 33/47 MP: 5/5
  1376 | D:3      | Killed Jessica
  1671 | D:3      | Found a shimmering altar of Xom.
  1703 | D:3      | Noticed Grinder
  1705 | D:3      | Paralysed by Grinder for 5 turns
  1713 | D:3      | Paralysed by Grinder for 3 turns
  1721 | D:3      | Killed Grinder
  1722 | D:3      | Reached skill level 5 in Fighting
  1722 | D:3      | Reached XP level 6. HP: 47/56 MP: 6/6
  1785 | D:3      | Reached skill level 5 in Axes
  1886 | D:3      | Reached skill level 5 in Armour
  1887 | D:3      | Found a radiant altar of Vehumet.
  1887 | D:3      | Found a burning altar of Makhleb.
  1892 | D:3      | Reached skill level 5 in Shields
  1892 | D:3      | Reached XP level 7. HP: 55/61 MP: 7/7
  2994 | D:5      | Entered Level 5 of the Dungeon
  3077 | D:5      | Found an ornate altar of the Wu Jian Council.
  3123 | D:5      | Noticed Pikel
  3138 | D:5      | Killed Pikel
  3139 | D:5      | Reached XP level 8. HP: 33/71 MP: 8/8
  3261 | D:5      | Found an iron altar of Okawaru.
  3314 | D:5      | Found a staircase to the Ecumenical Temple.
  3443 | D:5      | Found a glowing golden altar of the Shining One.
  4239 | Temple   | Entered the Ecumenical Temple
  4249 | Temple   | Became a worshipper of Gozag Ym Sagoz the Greedy
  4359 | D:6      | Found a basalt altar of Yredelemnul.
  4517 | D:6      | Found a transporter.
  4520 | D:6      | Found a transporter.
  4520 | D:6      | Noticed jasper's ghost (novice AtWr)
  4542 | D:6      | Noticed a +0 falchion
  4544 | D:6      | Noticed a +0 short sword
  4544 | D:6      | Noticed a +0 spear
  4544 | D:6      | Noticed a +0 dagger
  4545 | D:6      | Noticed a +0 falchion
  4545 | D:6      | Noticed a +0 spear
  4545 | D:6      | Noticed a +0 short sword
  4545 | D:6      | Noticed a +0 dagger
  4547 | D:6      | Found a hide-covered altar of Uskayaw.
  4812 | D:6      | Reached XP level 9. HP: 79/79 MP: 9/9
  5141 | D:6      | Found a sacrificial altar of Ru.
  5875 | D:7      | Noticed a two-headed ogre
  5884 | D:7      | Killed a two-headed ogre
  6087 | D:7      | Found a hazy altar of Hepliaklqana.
  6619 | D:8      | Noticed Maurice
  6620 | D:8      | Paralysed by something for 3 turns
  6625 | D:8      | Something stole a ring of flight
  6626 | D:8      | Something stole 27 poisoned darts
  6628 | D:8      | Killed Maurice
  6780 | D:8      | Found a staircase to the Lair.
  6835 | D:8      | Reached XP level 10. HP: 75/91 MP: 10/10
  7016 | D:8      | Noticed a kobold demonologist
  7022 | D:8      | Noticed an orange demon
  7022 | D:8      | Killed a kobold demonologist
  7087 | D:8      | Found Rejeicsu's Jewellery Shoppe.
  7099 | D:8      | Bought the ring of Shadows {Umbra +Inv Stlth+} for 520 gold
                  | pieces
  7099 | D:8      | Found the ring of Shadows {Umbra +Inv Stlth+}
  7978 | D:9      | Noticed a two-headed ogre
  8528 | D:9      | Reached skill level 10 in Axes
  8531 | D:9      | Found a staircase to the Orcish Mines.
  8683 | D:9      | Found a blossoming altar of Fedhas.
  8837 | D:9      | Reached skill level 10 in Fighting
  9102 | D:9      | Found a broken altar of Ashenzari.
  9671 | D:10     | Entered Level 10 of the Dungeon
  9872 | D:10     | Noticed a kobold demonologist
  9888 | D:10     | Killed a kobold demonologist
  9889 | D:10     | Reached XP level 11. HP: 66/101 MP: 11/11
  9926 | D:10     | Found a flagged portal.
  9958 | Bailey   | Entered a bailey
  9988 | Bailey   | Noticed an orc warlord
 10175 | Bailey   | Noticed an orc knight
 10189 | Bailey   | Killed an orc knight
 10190 | Bailey   | Reached skill level 10 in Armour
 10261 | Bailey   | Reached skill level 10 in Shields
 10432 | Bailey   | Found a runed translucent gate.
 10435 | Bailey   | Found a runed translucent gate.
 10436 | Bailey   | Found a runed translucent gate.
 10569 | Bailey   | HP: 5/101 [orc warlord/+4 broad axe (20)]
 10575 | Bailey   | Killed an orc warlord
 10612 | Bailey   | Acquired a manual of Fighting
 11158 | D:10     | Identified the +2 robe of the Sea {Harm rF- Dex+2}
 11367 | D:8      | Bought the ring "Goxifri" {rF+ Will+ Str+6 SInv} for 777
                  | gold pieces
 11522 | D:10     | Found a shimmering blue altar of Sif Muna.
 11617 | D:10     | Found an ancient bone altar of Kikubaaqudgha.
 11706 | D:10     | Found a portal to a secret trove of treasure.
 11721 | D:10     | Acquired 913 gold pieces
 11813 | D:8      | Bought the amulet of Etit {Spirit Will+ Dex+2} for 608 gold
                  | pieces
 11995 | D:11     | Noticed a boulder beetle
 12020 | D:11     | Killed a boulder beetle
 12228 | D:11     | Noticed a cyclops
 12245 | D:11     | Killed a cyclops
 12441 | D:11     | Noticed a two-headed ogre
 12453 | D:11     | Killed a two-headed ogre
 12685 | D:11     | HP: 4/105 [ice devil (22)]
 13096 | D:11     | Noticed a manticore
 13111 | D:11     | Killed a manticore
 13112 | D:11     | Reached XP level 12. HP: 105/113 MP: 12/12
 13530 | D:11     | Found the +8 frozen axe "Frostbite" {freeze, freezing
                  | cloud, *Noise Fly rC+}
 13744 | D:12     | Noticed a boulder beetle
 13775 | D:12     | Killed a boulder beetle
 13846 | D:12     | Noticed a two-headed ogre
 13855 | D:12     | Killed a two-headed ogre
 14820 | D:12     | Found a runed translucent gate.
 14820 | D:12     | Found a runed translucent gate.
 14820 | D:12     | Found a runed translucent gate.
 14821 | D:12     | Noticed an acid blob
 14821 | D:12     | Noticed an acid blob
 14822 | D:12     | Noticed an azure jelly
 14822 | D:12     | Noticed an acid blob
 14823 | D:12     | Noticed an azure jelly
 14823 | D:12     | Noticed Hyahelamn's ghost (journeyman VSBr)
 14823 | D:12     | Noticed an azure jelly
 14823 | D:12     | Noticed an azure jelly
 14823 | D:12     | Noticed an acid blob
 14823 | D:12     | Noticed a quicksilver ooze
 14824 | D:12     | Noticed an acid blob
 14825 | D:12     | Noticed an azure jelly
 14825 | D:12     | Noticed an acid blob
 14826 | D:12     | Noticed an azure jelly
 14842 | D:12     | Noticed an azure jelly
 14857 | D:12     | Found a viscous altar of Jiyva.
 14932 | Orc:1    | Entered Level 1 of the Orcish Mines
 15374 | Orc:1    | Noticed a boulder beetle
 15399 | Orc:1    | Killed a boulder beetle
 15564 | Orc:2    | Entered Level 2 of the Orcish Mines
 15723 | Orc:2    | Noticed a two-headed ogre
 15732 | Orc:2    | Killed a two-headed ogre
 15742 | Orc:2    | Reached skill level 15 in Fighting
 15801 | Orc:2    | Reached XP level 13. HP: 87/126 MP: 7/13
 16767 | Orc:2    | Found a staircase to the Elven Halls.
 16835 | Orc:2    | Found Fotsif's Antique Armour Shop.
 16899 | Orc:2    | Noticed an orc warlord
 17701 | Orc:1    | Killed an orc warlord
 17702 | Orc:1    | Reached skill level 15 in Axes
 18408 | Orc:2    | Found a roughly hewn altar of Beogh.
 18576 | Orc:2    | Found Jielylamaeb's Book Emporium.
 18641 | Orc:2    | Found Aqulloer's Distillery.
 18916 | Orc:2    | Found a roughly hewn altar of Beogh.
 18932 | Orc:2    | Found Temn's Antique Armour Shoppe.
 18980 | Orc:2    | Bought a kite shield for 130 gold pieces
 19711 | D:9      | Bought a +0 pair of boots of stealth for 138 gold pieces
 19715 | D:9      | Bought the +4 helmet of Mutualism {Will+} for 704 gold
                  | pieces
 19837 | D:13     | Reached XP level 14. HP: 140/140 MP: 14/14
 19994 | D:13     | Identified the +2 ring mail of Tadiacku {rF+ MP+9}
 20476 | D:13     | Found a gate to the Vaults.
 21028 | D:14     | Found an iron altar of Okawaru.
 21146 | D:14     | Reached skill level 1 in Stealth
 21803 | D:14     | Identified the +6 mace of Zainaodo {heavy, rC+ Int-5
                  | Stlth+}
 22175 | D:15     | Entered Level 15 of the Dungeon
 22292 | D:15     | Noticed Azrael
 22303 | D:15     | Killed Azrael
 22616 | D:15     | Found a staircase to the Depths.
 22679 | D:15     | Reached XP level 15. HP: 86/152 MP: 8/15
 23272 | D:15     | Reached skill level 15 in Armour
 23272 | D:15     | Identified the +7 morningstar of Xom, Kissing {holy, +Blink
                  | rN+ Str+4}
 23279 | D:15     | Identified the +5 sling of Abuse {speed, rPois}
 23971 | D:15     | Reached skill level 5 in Stealth
 24016 | D:15     | Noticed a fire giant
 24026 | D:15     | Killed a fire giant
 24039 | D:15     | Noticed a tengu reaver
 25153 | Lair:1   | Entered Level 1 of the Lair of Beasts
 25483 | Lair:1   | Acquired 836 gold pieces
 25921 | Lair:1   | Bought the +0 cloak of Toydgh {Regen+} for 115 gold pieces
 27106 | Lair:2   | Found a staircase to the Shoals.
 27639 | Lair:3   | Reached XP level 16. HP: 162/162 MP: 16/16
 27745 | Lair:3   | Got the Codex of the Voyage
 28041 | Lair:3   | Found a staircase to the Snake Pit.
 29687 | Lair:5   | Entered Level 5 of the Lair of Beasts
 29780 | Lair:5   | Found a viscous altar of Jiyva.
 29783 | Lair:5   | Found a staircase to the Slime Pits.
 31096 | Snake:1  | Entered Level 1 of the Snake Pit
 31177 | Snake:1  | Reached XP level 17. HP: 125/173 MP: 13/17
 31244 | Snake:1  | Found Vowk's General Store.
 31246 | Snake:1  | Found Omuas's Magic Scroll Shoppe.
 31246 | Snake:1  | Found Areen's Weapon Emporium.
 31251 | Snake:1  | Bought a scroll of enchant armour for 127 gold pieces
 31251 | Snake:1  | Found Wosm's Weapon Shoppe.
 31254 | Snake:1  | Bought a scroll of enchant armour for 120 gold pieces
 31254 | Snake:1  | Bought a scroll of revelation for 120 gold pieces
 31254 | Snake:1  | Bought 3 scrolls of fear for 192 gold pieces
 31260 | Snake:1  | Bought the +1 broad axe of Jocular Gallantry {flame, rF++}
                  | for 550 gold pieces
 31719 | Snake:2  | Found Violis's Jewellery Boutique.
 31721 | Snake:2  | Found Elev's Antique Armour Emporium.
 31732 | Snake:2  | Found Eceaci Fuah's Magic Scroll Shoppe.
 31732 | Snake:2  | Found Fejeb's General Store.
 31734 | Snake:2  | Found Geimeip's Armour Emporium.
 31734 | Snake:2  | Found Varitome's Armour Boutique.
 31747 | Snake:2  | Bought the sphere of Battle for 2640 gold pieces
 31747 | Snake:2  | Found the sphere of Battle
 31760 | Snake:2  | Bought a scroll of enchant armour for 112 gold pieces
 31800 | Snake:2  | Bought a scroll of enchant armour for 127 gold pieces
 33551 | Snake:3  | Noticed Mara
 33556 | Snake:3  | Noticed p00ps00p's illusion
 33580 | Snake:3  | Killed Mara
 33644 | Snake:3  | Found a runed translucent gate.
 33644 | Snake:3  | Found a runed translucent gate.
 33644 | Snake:3  | Found a runed translucent gate.
 33647 | Snake:3  | Noticed xnavy's ghost (adept GnCA)
 33918 | Snake:3  | Reached skill level 10 in Stealth
 33924 | Snake:3  | Reached XP level 18. HP: 175/184 MP: 18/18
 34259 | Abyss:4  | Cast into level 4 of the Abyss (xnavy's ghost)
 34309 | Abyss:4  | Noticed a bone dragon
 34326 | Abyss:4  | Killed a bone dragon
 34450 | Snake:3  | Escaped the Abyss
 34472 | Abyss:4  | Cast into level 4 of the Abyss (xnavy's ghost)
 34961 | Snake:3  | Escaped the Abyss
 35457 | Snake:3  | Killed xnavy's ghost
 35616 | Snake:3  | Identified the staff "Zisuharo" {Will++ Dex-2 Stlth+ Summ
                  | Earth}
 35639 | Snake:4  | Entered Level 4 of the Snake Pit
 35808 | Snake:4  | Identified the +1 dagger "Wampan" {protect, rCorr Int+3}
 36608 | Snake:4  | Reached XP level 19. HP: 153/193 MP: 9/19
 36690 | Snake:4  | Got a serpentine rune of Zot
 36704 | Snake:4  | Acquired a manual of Stealth
 36918 | Shoals:1 | Entered Level 1 of the Shoals
 37104 | Shoals:1 | Found a gateway to a bazaar.
 37170 | Bazaar   | Entered a bazaar
 37173 | Bazaar   | Found Ronen's Magic Scroll Emporium.
 37380 | Bazaar   | Found Zysm's Assorted Antiques.
 37387 | Bazaar   | Bought a scroll of fear for 44 gold pieces
 37387 | Bazaar   | Bought a scroll of fear for 44 gold pieces
 37389 | Bazaar   | Found Bonn's Antique Weapon Emporium.
 37392 | Bazaar   | Bought a scroll of enchant weapon for 255 gold pieces
 37400 | Bazaar   | Found Poutodos's Antique Weapon Shoppe.
 37416 | Bazaar   | Found Larof's Weapon Boutique.
 38682 | Shoals:2 | Noticed Jorgrun
 38706 | Shoals:2 | Killed Jorgrun
 39013 | Shoals:3 | Found a runed translucent gate.
 39013 | Shoals:3 | Found a runed translucent gate.
 39013 | Shoals:3 | Found a runed translucent gate.
 39031 | Shoals:3 | Found Elio's Weapon Shop.
 39402 | Shoals:3 | Noticed Detyups's ghost (adept VSFi)
 39402 | Shoals:3 | Noticed Meic's ghost (adept MiFi)
 39640 | Shoals:3 | Killed Detyups's ghost
 39648 | Shoals:3 | Killed Meic's ghost
 39853 | Shoals:4 | Entered Level 4 of the Shoals
 40348 | Shoals:4 | Noticed Bai Suzhen
 40365 | Shoals:4 | Killed Bai Suzhen
 40462 | Shoals:4 | Reached XP level 20. HP: 191/205 MP: 20/20
 40691 | Shoals:4 | Got a barnacled rune of Zot
 41342 | Shoals:4 | Bought a scroll of teleportation for 108 gold pieces
 41342 | Shoals:4 | Bought a scroll of teleportation for 108 gold pieces
 41342 | Shoals:4 | Bought a potion of heal wounds for 180 gold pieces
 41742 | D:6      | Killed jasper's ghost
 42038 | D:12     | HP: 2/206 [acid (10)]
 43160 | D:12     | Killed Hyahelamn's ghost
 43775 | Elf:1    | Entered Level 1 of the Elven Halls
 43796 | Elf:1    | Found a radiant altar of Vehumet.
 43893 | Elf:1    | Found Bahuips's Book Shop.
 43894 | Elf:1    | Found Wusui's Jewellery Emporium.
 43894 | Elf:1    | Found Juuzxiter's Jewellery Emporium.
 44007 | Elf:1    | Found a magical portal.
 44016 | WizLab   | Entered Doroklohe's Tomb
 44448 | WizLab   | Identified the +2 crystal plate armour of Jiang {Rampage
                  | +Blink}
 44494 | WizLab   | Identified the +2 robe "Waejuam" {Slay+2}
 44703 | Elf:1    | Reached skill level 15 in Stealth
 44718 | Elf:1    | Identified the +7 mace "Runkif" {freeze, Stlth+}
 45293 | Elf:2    | Paralysed by an air elemental for 1 turns
 45296 | Elf:2    | Paralysed by an air elemental for 1 turns
 46135 | Elf:2    | Found a runed translucent gate.
 46135 | Elf:2    | Found a runed translucent gate.
 46135 | Elf:2    | Found a runed translucent gate.
 46350 | Elf:2    | Got Gaimyk's Hermit's Heritage Continued
 46667 | Elf:2    | Reached XP level 21. HP: 181/215 MP: 21/21
 47411 | Depths:1 | Entered Level 1 of the Depths
 48397 | Depths:1 | Found Qiazeist's Vocational Training.
 48503 | Depths:1 | Found a gateway to Hell.
 48752 | Depths:2 | Found a one-way gate leading to the halls of Pandemonium.
 48970 | Depths:2 | Found a bloodstained altar of Trog.
 49260 | Depths:2 | Reached XP level 22. HP: 143/226 MP: 22/22
 49282 | Depths:2 | Noticed the Enchantress
 49974 | Depths:2 | Killed the Enchantress
 50877 | Depths:3 | Noticed a golden dragon
 50877 | Depths:3 | Noticed a golden dragon
 50883 | Depths:3 | Killed a golden dragon
 50891 | Depths:3 | Killed a golden dragon
 51157 | Depths:3 | HP: 7/228 [storm dragon/bolt of lightning (6)]
 51158 | Depths:3 | Killed from afar by a spriggan air mage

Illustrated notes

Levels and vault maps discovered:
D:1:      psy_arrival_radial01, layout_loops_ring
D:2:      layout_basic
D:3:      layout_rooms, grunt_temple_overflow_lords_of_destruction,
          regret_index_xom_buried_treasure, minmay_goblin_kobold_house,
          uniq_jessica, uniq_grinder, uniq_ijyb
D:4:      layout_loops_ring, minivault_27, minmay_misc_feat_roman
D:5:      layout_gridville, lemuel_coloured_pillars_altar, lemuel_tele_altar,
          mainiacjoe_overflow_catwalk, minmay_temple_entry_poolview,
          hangedman_abyss_or_decor_lesser_grid,
          serial_library_regret_index_multi, uniq_pikel
D:6:      layout_loops_corners, mainiacjoe_overflow_alcove_2,
          nicolae_uskayaw_en_pointe, yredelemnul_altar_generic,
          gammafunk_ghost_arena
D:7:      layout_basic, nicolae_hepliaklqana_hazy_memory,
          kennysheep_cluttered_room
D:8:      layout_basic, lair_entry_dummy, serial_shops, nicolae_shop_waterfront,
          uniq_maurice
D:9:      layout_layer_cave, fedhas_altar_1, evilmike_ruin_ashenzari,
          david_orc_3, chequers_arboretum
D:10:     layout_basic, led_sif_pool, mainiacjoe_overflow_small_starburst,
          enter_bailey_4, enter_trove_6
D:11:     layout_irregular_city, hellmonk_guarded_unrand_frostbite
D:12:     layout_cave_pools, gammafunk_ghost_ooze
D:13:     layout_gridville, hangedman_vaults_entry_quadrant_bands
D:14:     layout_stronghold, okawaru_trees_2, chequers_decorated_corner,
          hangedman_decor_points
D:15:     hangedman_depths_entry_civil_slaughter, layout_loops_ring,
          minmay_misc_feat_alley, nicolae_rejected_hall, uniq_azrael
Temple:   hellmonk_temple_two_chambers
Lair:1:   minmay_lair_oklob_chamber, layout_hall_layers,
          nicolae_quartered_pool_super
Lair:2:   layout_regular_city, minmay_shoals_entry_lonely_mermaid
Lair:3:   layout_layer_cave, minmay_snake_entry_guardpost_small,
          serial_bayou_lake_a, lemuel_fruit_tree
Lair:4:   layout_loops_ring
Lair:5:   hangedman_lair_caniforms_friends, layout_cave_shapes,
          minmay_slime_entry_jelly_boxes, chequers_serial_rivers_micro_b,
          minmay_shattered_shrine
Shoals:1: layout_shoals, serial_shops, bzr_entry_islet, nicolae_shoals_mertower
Shoals:2: layout_shoals, uniq_jorgrun
Shoals:3: layout_shoals, gammafunk_ghost_cemetery, serial_shops,
          nicolae_shop_bloodbath_and_beyond, nicolae_shoals_so_close
Shoals:4: shoals_end_hangedman, layout_shoals, kb_tengu_band, uniq_bai_suzhen
Snake:1:  layout_rooms, minmay_shoptagon
Snake:2:  layout_onion_interference, serial_bayou_pond_c,
          nicolae_wooded_promenade, serial_bayou_shore_a
Snake:3:  layout_onion, ebering_ghost_rock_garden, serial_bayou_pond_d,
          nicolae_snake_guarding_the_ruins, nicolae_triple_integral, uniq_mara
Snake:4:  snake_pit_salamanders_mu, layout_misc_corridors
Orc:1:    layout_caves, blackcustard_rock_pile
Orc:2:    pubby_orc_utopia
Elf:1:    eino_elf_arrival_altar, layout_rooms, mu_enter_wizlab_3,
          kennysheep_underground_church, minmay_shop_grove
Elf:2:    nicolae_elf_blades_splatter_lattice
          [nicolae_blade_entry_floor_patterns], layout_gridlike,
          minmay_librarian
Depths:1: layout_big_octagon, chequers_serial_rivers_marsh, lightli_too_deep,
          grunt_ministairs_7, nicolae_shop_vocational
Depths:2: spriggan_forest, hell_entry, pan_entry
Depths:3: nicolae_cairo_tiling, layout_long_grid, enter_ziggurat_e,
          nicolae_dithmenos_through_a_glass_darkly, minmay_room_of_horrors,
          hell_entry

Skill      XL: |  1  2  3  4  5  6  7  8  9 10 11 12 13 14 15 16 17 18 19 20 21 22 |
---------------+-------------------------------------------------------------------+-----
Axes           | 3 4 5 6 7 9 11 12 14 15 17 18 19 20 21 22 23 24 25 | 25.4
Fighting       | 4 5 6 7 9 10 12 15 17 19 20 21 22 23 24 25 | 25.7
Shields        | 4 5 6 8 9 11 12 13 | 13.9
Armour         | 4 5 6 8 9 11 12 13 14 15 16 17 18 19 20 21 22 | 22.0
Stealth        | 3 6 8 10 11 13 15 16 17 | 17.3

Action                     |  1- 3 |  4- 6 |  7- 9 | 10-12 | 13-15 | 16-18 | 19-21 | 22-24 || total
---------------------------+-------+-------+-------+-------+-------+-------+-------+-------++-------
  Melee: War axe           |   113 |    80 |   318 |   368 |       |       |       |       ||   879
         Unarmed           |       |    10 |       |       |       |       |       |       ||    10
         Broad axe         |       |       |       |   232 |   366 |   123 |   481 |    97 ||  1299
         Executioner's axe |       |       |       |       |   403 |   849 |   626 |   101 ||  1979
         Punch             |       |       |       |       |     1 |       |       |     1 ||     2
         Scimitar          |       |       |       |       |     2 |    10 |       |       ||    12
  Throw: Dart              |       |       |       |       |       |       |     4 |       ||     4
 Invoke: Call Merchant     |       |       |       |       |     5 |       |     2 |       ||     7
  Evoke: Wand              |       |     5 |     5 |    18 |    16 |    12 |       |       ||    56
         Condenser vane    |       |       |       |       |     1 |     1 |       |       ||     2
         Phial of floods   |       |       |       |       |       |     1 |       |       ||     1
         Lightning rod     |       |       |       |       |       |       |     2 |       ||     2
         Phantom mirror    |       |       |       |       |       |       |       |     1 ||     1
    Use: Scroll            |     1 |     3 |    10 |    18 |    16 |     9 |    14 |    11 ||    82
         Potion            |       |       |     2 |     4 |     1 |     4 |     3 |     2 ||    16
   Stab: Confused          |       |     1 |       |       |       |       |       |       ||     1
         Distracted        |       |       |       |     5 |     3 |    16 |    19 |     3 ||    46
         Sleeping          |       |       |       |       |       |     1 |    25 |     3 ||    29
 Armour: Scale mail        |   103 |    64 |   228 |   181 |       |       |       |       ||   576
         Skin              |       |     3 |       |       |       |       |       |       ||     3
         Chain mail        |       |       |       |   346 |   141 |       |       |       ||   487
         Plate armour      |       |       |       |       |   655 |  1015 |  1197 |   188 ||  3055
  Dodge: Dodged            |    63 |    62 |   121 |   312 |   303 |   372 |   331 |    60 ||  1624
  Block: Buckler           |    34 |     9 |    69 |   196 |    95 |       |       |       ||   403
         Tower shield      |       |       |       |       |       |       |   576 |       ||   576
         Reflection        |       |       |       |       |       |       |    56 |     1 ||    57
         Other             |       |       |       |       |       |       |   107 |    27 ||   134

Table legend: (Time is in decaauts)
 A = Elapsed time spent in this place.
 B = Non-inter-level travel time spent in this place.
 C = Inter-level travel time spent in this place.
 D = Time resting spent in this place.
 E = Time spent auto-exploring this place.
 F = Levels seen in this place.
 G = Mean time per level.
                   A        B        C        D        E       F      G
               +--------+--------+--------+--------+--------+-----+--------+
         Total |  51251 |  48014 |   3237 |  10930 |  26761 |  41 | 1250.0 |
       Dungeon |  22951 |  21060 |   1891 |   5998 |  11596 |  15 | 1530.1 |
        Temple |     16 |     10 |      6 |      0 |      0 |   1 |   16.0 |
          Lair |   5324 |   4983 |    341 |    432 |   3550 |   5 | 1064.8 |
        Shoals |   4232 |   4035 |    197 |    384 |   2325 |   4 | 1058.0 |
     Snake Pit |   5156 |   4836 |    320 |   1192 |   2639 |   4 | 1289.0 |
  Orcish Mines |   4881 |   4633 |    248 |   1053 |   2660 |   2 | 2440.5 |
   Elven Halls |   2839 |   2739 |    100 |    595 |   1448 |   2 | 1419.5 |
        Depths |   3612 |   3480 |    132 |    867 |   1816 |   3 | 1204.0 |
         Abyss |    661 |    661 |      0 |     17 |    203 |   2 |  330.5 |
        Bazaar |    330 |    330 |      0 |    196 |     33 |   1 |  330.0 |
        Bailey |    728 |    728 |      0 |     86 |    382 |   1 |  728.0 |
        Wizlab |    514 |    514 |      0 |    110 |    107 |   1 |  514.0 |
               +--------+--------+--------+--------+--------+-----+--------+

Top non-repeatable levels by time:
    D:11: 3145 daAuts
   Orc:2: 2820 daAuts
    D:15: 2560 daAuts
     D:8: 2267 daAuts
    D:14: 2261 daAuts
Depths:2: 2185 daAuts
   Orc:1: 2061 daAuts
    D:10: 1904 daAuts
 Snake:2: 1514 daAuts
 Snake:3: 1483 daAuts
   Elf:2: 1436 daAuts
   Elf:1: 1403 daAuts
  Lair:5: 1382 daAuts
     D:9: 1377 daAuts
  Lair:3: 1370 daAuts
